 Dungeon Crawl Stone Soup version 0.30.1-11-g7821555f0a (webtiles) character file.

Game seed: 17937545093058883788

1457 Merimose the Magician (level 9, 0/59 HPs)
             Began as a Djinni Venom Mage on Dec 11, 2023.
             Slain by an orc warrior
             ... wielding a +0 flail
              (2 damage)
             ... on level 8 of the Dungeon.
             The game lasted 00:13:14 (2300 turns).

Merimose the Magician (Djinni Venom Mage)           Turns: 2300, Time: 00:13:15

Health: 0/59       AC:  3    Str: 11    XL:     9   Next: 5%
Gold:   94         EV: 13    Int: 17    God:
                   SH:  0    Dex: 14

rFire   + + .        i - +2 dagger (protect)
rCold   x . .        (no shield)
rNeg    . . .        a - +1 robe
rPois   ∞            (no helmet)
rElec   .            k - scarf {+Inv}
rCorr   +            (no gloves)
SInv    .            (boots unavailable)
Will    +....        (no amulet)
Stlth   ++           c - ring of willpower
HPRegen 0.29/turn    j - ring of resist corrosion
MPRegen 0.00/turn

%: infuse magic (-1 HP)
@: flying
A: sickness immunity, fire resistance 2, cold vulnerability 1, float, innate
caster, HP casting, extra vitality 1
a: Evoke Invisibility


You were on level 8 of the Dungeon.
You visited 1 branch of the dungeon, and saw 8 of its levels.

You collected 94 gold pieces.

Inventory:

Hand Weapons
 i - a +2 dagger of protection (weapon)
Armour
 a - a +1 robe (worn)
 k - a scarf of invisibility (worn)
Jewellery
 c - a ring of willpower (left hand)
 j - a ring of resist corrosion (right hand)
Wands
 e - a wand of digging (1)
 h - a wand of mindburst (11)
 n - a wand of iceblast (1)
Potions
 b - a potion of brilliance
 l - 2 potions of might
 o - 2 potions of cancellation {unknown}


   Skills:
 * Level 2.7 Fighting
 * Level 2.5 Short Blades
 * Level 2.9 Armour
 * Level 4.6 Dodging
 * Level 3.0 Stealth
 + Level 0.1 Unarmed Combat
 * Level 5.7 Spellcasting
 * Level 3.1 Evocations


You knew the following spells:

 Your Spells              Type           Power      Damage    Failure   Level
a - Sting                 Tmut/Pois      96%        1d7       1%          1
b - Poisonous Vapours     Pois/Air       48%        N/A       1%          2
c - Mephitic Cloud        Conj/Pois/Air  24%        N/A       3%          3
d - Olgreb's Toxic Radia  Pois           24%        N/A       13%         4
e - Shock                 Conj/Air       96%        1d9       1%          1
f - Static Discharge      Conj/Air       48%        2-4/arc   1%          2
g - Dazzling Flash        Conj/Hex       48%        N/A       3%          3
h - Summon Guardian Gole  Hex/Summ       24%        N/A       3%          3
Your spell library was empty.

Dungeon Overview and Level Annotations

Branches:
Dungeon (8/15)               Lair (0/5) D:8
 Temple: D:4-7

Altars:


Innate Abilities, Weirdness & Mutations

You are immune to sickness and miasma.
You are immune to poison.
Your flesh is very heat resistant. (rF++)
You are vulnerable to cold. (rC-)
You float through the air rather than walking.
You learn spells naturally, not from books.
Your magical power is your life essence.
You have superior vitality. (+4 MHP)


Message History

You miss the water moccasin.
The water moccasin is almost dead.
The water moccasin closely misses you.
The water moccasin bites you but does no damage.
You barely miss the water moccasin.
The water moccasin is almost dead.
The water moccasin misses you.
Casting: Static Discharge (safe; 1% risk of failure)
Press: ? - help, Q - select action, (/) - cycle Dir - look around, f - activate The water moccasin is struck by an arc of lightning.
You kill the water moccasin!
You are struck by an arc of lightning.
* * * LOW HITPOINT WARNING * * *
* * * LOW HITPOINT WARNING * * *
You have reached level 9!
Your experience leads to an increase in your attributes!
Increase (S)trength, (I)ntelligence, or (D)exterity?
You feel stronger. x2
The power to cast Summon Guardian Golem wells up from within.
Spell assigned to 'h'.
A yak comes into view.
Things that are here:
a water moccasin corpse; a black bear corpse An eight-headed hydra comes into view.
A water moccasin comes into view.
You hear the faint creaking of a very distant portcullis.
As you read the scroll labelled VIXTEIRGH VOTE, it crumbles to dust.
It is a scroll of enchant armour.
Your +0 robe glows green for a moment.
An orc warrior comes into view. It is wielding a +0 flail.
An orc comes into view. It is wielding a +0 hand axe.
The orc moves out of view.
An orc priest comes into view. It is wielding a +0 club.
The yak bellows!
The orc shouts!
The orc warrior barely misses you.
The orc priest shouts!
The killer bee buzzes angrily.
The orc priest mumbles some strange prayers to Beogh against you.
Pain shoots through your body!
* * * LOW HITPOINT WARNING * * *
The orc warrior hits you with a +0 flail.
You die...

*,*,,,,,,PP....PP.+****
*,,,.P......P....#,*
***,.....P.PY....#,* **
**#..oyo.Y.....#,***,
#............#,**..
#............#.##..
#..........Y.#..#.#
#.....)...?..##..##
#o@..........##.##.
#.##########.#.##.. #.#
#..##..# #.# #S#...##
#D# #.##.##W #.#
#D##..## #.# #.##.#.#
#.# #.##.#..
#.##########.##.#.#


You could see an eight-headed hydra, 2 yaks, an orc warrior, a killer bee, an
orc priest and an orc.

Vanquished Creatures
  Grinder (D:3)
  A steam dragon (D:7)
  A water moccasin (D:8)
  A sky beast (D:7)
  2 orc warriors (D:7)
  An ice beast (D:6)
  A black bear (D:8)
  A bullfrog (D:8)
  A scorpion (D:7)
  4 orc priests (D:7)
  3 jellies
  2 hounds
  A gnoll bouda (D:7)
  2 iguanas
  An orc wizard (D:7)
  5 gnolls (D:7)
  An adder (D:5)
  2 worms (D:2)
  9 orcs
  3 endoplasms
  2 giant cockroaches
  2 goblins (D:3)
  A hobgoblin (D:4)
  A quokka (D:2)
  4 ball pythons
  3 bats (D:2)
  2 frilled lizards
  2 kobolds
  4 rats
64 creatures vanquished.

Notes
Turn   | Place    | Note
-------+----------+-------------------------------------------
     0 | D:1      | Merimose the Djinni Venom Mage began the quest for the Orb.
     0 | D:1      | Merimose set off with the following spells memorised:
                  | Sting, Poisonous Vapours, Mephitic Cloud, Olgreb's Toxic
                  | Radiance.
     0 | D:1      | Reached XP level 1. HP: 15/15 MP: 0/0
   107 | D:1      | Reached XP level 2. HP: 18/22 MP: 0/0
   492 | D:2      | Reached XP level 3. HP: 21/26 MP: 0/0
   492 | D:2      | Learned a level 1 spell: Shock
   682 | D:3      | Noticed Grinder
   728 | D:3      | Killed Grinder
   729 | D:3      | Reached skill level 1 in Fighting
   729 | D:3      | Reached skill level 1 in Short Blades
   729 | D:3      | Reached skill level 1 in Armour
   729 | D:3      | Reached skill level 3 in Spellcasting
   729 | D:3      | Reached skill level 1 in Evocations
   729 | D:3      | Reached XP level 4. HP: 10/32 MP: 0/0
   729 | D:3      | Reached XP level 5. HP: 12/37 MP: 0/0
   729 | D:3      | Learned a level 2 spell: Static Discharge
   729 | D:3      | Reached XP level 6. HP: 13/42 MP: 0/0
  1042 | D:4      | Reached skill level 4 in Spellcasting
  1152 | D:5      | Entered Level 5 of the Dungeon
  1341 | D:6      | Noticed an ice beast
  1348 | D:6      | Killed an ice beast
  1349 | D:6      | Reached XP level 7. HP: 42/47 MP: 0/0
  1349 | D:6      | Learned a level 3 spell: Dazzling Flash
  1727 | D:7      | Reached XP level 8. HP: 19/54 MP: 0/0
  1877 | D:7      | Reached skill level 5 in Spellcasting
  2185 | D:8      | Noticed a wraith
  2187 | D:8      | Noticed a wraith
  2190 | D:8      | Found the +2 Maxwell's thermic engine {flame, freeze, rev}
  2200 | D:8      | Noticed a yak
  2277 | D:8      | Reached XP level 9. HP: 5/59 MP: 0/0
  2277 | D:8      | Learned a level 3 spell: Summon Guardian Golem
  2278 | D:8      | Noticed an eight-headed hydra
  2300 | D:8      | HP: 2/59 [orc priest/nerve-wracking pain (10)]
  2300 | D:8      | Slain by an orc warrior

Illustrated notes

Levels and vault maps discovered:
D:1:      minmay_arrival_plants_in_alcoves, layout_loops_ring, serial_shops,
          shop, amcnicky_mini_corridor_feature
D:2:      layout_basic, moated_statue, st_stairs_14
D:3:      layout_basic, chequers_avenue, goddamned_bats, uniq_grinder,
          uniq_robin
D:4:      layout_rooms, palyth_temple_overflow_mages, minmay_misc_feat_iff
D:5:      layout_gridville, grunt_temple_overflow_open
D:6:      layout_basic, minmay_temple_entry_nine_rooms, grunt_ministairs_10
D:7:      layout_rooms, kennysheep_small_spiral, chequers_serial_rivers_room_a,
          uniq_pikel
D:8:      layout_basic, chequers_temple_overflow_minitemple,
          due_lair_maze_entry_diamond, enter_bailey_4, hangedman_decor_riveting,
          minmay_diamond_spiral

Skill      XL: |  1  2  3  4  5  6  7  8 |
---------------+-------------------------+-----
Fighting       | 1 2 |  2.7
Short Blades   | 1 2 |  2.5
Armour         | 1 2 |  2.9
Stealth        | 2 3 |  3.0
Spellcasting   | 3 4 5 |  5.7
Evocations     | 1 2 3 |  3.1
Dodging        | 3 4 |  4.6
Unarmed Combat | |  0.1

Action                     |  1- 3 |  4- 6 |  7- 9 || total
---------------------------+-------+-------+-------++-------
  Melee: Unarmed           |     3 |       |       ||     3
         Dagger            |    25 |    16 |    42 ||    83
         Punch             |       |       |     2 ||     2
   Cast: Sting             |    32 |     4 |     3 ||    39
         Poisonous Vapours |     1 |       |     1 ||     2
         Static Discharge  |       |     7 |     7 ||    14
         Olgreb's Toxic Ra |       |     1 |     8 ||     9
         Shock             |       |     1 |       ||     1
  Evoke: Wand              |     3 |     2 |    14 ||    19
    Use: Scroll            |     5 |     4 |     4 ||    13
         Potion            |     1 |       |     3 ||     4
   Stab: Sleeping          |       |     1 |       ||     1
 Armour: Robe              |     7 |     8 |    25 ||    40
  Dodge: Dodged            |    26 |    22 |    35 ||    83
